 Dungeon Crawl Stone Soup version 0.29.1-15-g9cfb28693d (webtiles) character file.

Game seed: 9588862250513344452

32 jtron the Chopper (level 3, -1/34 HPs)
             Began as a Hill Orc Monk on Feb 26, 2023.
             Succumbed to an adder's poison
             ... on level 3 of the Dungeon.
             The game lasted 00:03:31 (1953 turns).

jtron the Chopper (Hill Orc Monk)                   Turns: 1953, Time: 00:03:32

Health: -1/34      AC:  3    Str: 12 (13) XL:     3   Next: 25%
Magic:  3/3        EV: 12    Int:  7 (10) God:
Gold:   68         SH:  0    Dex: 13 (15) Spells: 2/2 levels left

rFire   . . .      SeeInvis .   a - +0 hand axe
rCold   . . .      Faith    .   (no shield)
rNeg    . . .      Spirit   .   h - +0 leather armour
rPois   .          Reflect  .   (no helmet)
rElec   .          Harm     .   (no cloak)
rCorr   .          Rampage  .   (no gloves)
Will    .....                   (no boots)
Stlth   ++........              (no amulet)
HPRegen 0.11/turn               (no ring)
MPRegen 0.08/turn               (no ring)

@: brilliant, lethally poisoned (-1 -> -7)
A: no striking features
a: no special abilities


You were on level 3 of the Dungeon.
You visited 1 branch of the dungeon, and saw 3 of its levels.

You collected 68 gold pieces.

Inventory:

Hand Weapons
 a - a +0 hand axe (weapon)
Missiles
 e - 6 stones (quivered)
 q - 4 poisoned darts
Armour
 b - a +0 robe
 h - a +0 leather armour (worn)
Magical Staves
 l - a staff of death
Scrolls
 d - a scroll of magic mapping {unknown}
 g - a scroll of torment {unknown}
 i - a scroll of silence {unknown}
 j - a scroll of acquirement {unknown}
 k - a scroll of vulnerability {unknown}
 m - a scroll of identify {unknown}
Potions
 c - a potion of ambrosia
 f - a potion of lignification {unknown}
 n - a potion of attraction {unknown}
 o - a potion of degeneration


   Skills:
 * Level 4.3 Fighting
 + Level 4.4 Axes
 + Level 0.4 Throwing
 + Level 2.5 Dodging
 + Level 1.8 Stealth


You had 2 spell levels left.
You didn't know any spells.
Your spell library was empty.

Dungeon Overview and Level Annotations

Branches:
Dungeon (3/15)

Altars:


Message History

The bat hits you. The bat attacks as you move away! The bat hits you.
The bat barely misses you. The bat closely misses you.
The bat hits you but does no damage.
Found 4 stones.
The bat attacks as you move away! The bat misses you.
The adder attacks as you move away! The adder misses you.
The bat closely misses you. The adder bites you but does no damage.
There is a stone staircase leading down here.
The bat hits you but does no damage. The adder bites you.
You are poisoned.
The adder poisons you!
You climb downwards.
You feel sick.
There is a stone staircase leading up here.
You hit the adder but do no damage.
You feel sick. The adder barely misses you.
You hit the adder.
The adder is heavily wounded.
You feel sick. The adder bites you but does no damage. The adder misses you.
You hit the adder.
The adder is severely wounded.
You feel sick. The adder bites you.
You are more poisoned.
The adder poisons you!
You miss the adder. Your punch misses the adder.
The adder is severely wounded.
You feel sick. The adder bites you.
* * * LOW HITPOINT WARNING * * *
You are lethally poisoned!
The adder poisons you! The adder barely misses you.
It was a potion of degeneration.
There was something very wrong with that liquid.
You feel weakened.
You feel dopey.
You feel clumsy.
* * * LOW HITPOINT WARNING * * *
You feel sick. The adder bites you but does no damage.
You closely miss the adder.
The adder is severely wounded.
* * * LOW HITPOINT WARNING * * *
You feel sick. The adder misses you.
It was a potion of brilliance.
You feel clever all of a sudden.
You die... ######### ......S@# #########

You could see an adder.

Vanquished Creatures
  A worm (D:2)
  2 bats (D:1)
  2 endoplasms (D:1)
  2 giant cockroaches (D:1)
  5 goblins (D:1)
  3 hobgoblins (D:1)
  2 kobolds (D:1)
  2 quokkas
  2 ball pythons (D:1)
  2 frilled lizards (D:1)
  3 rats (D:1)
26 creatures vanquished.

Notes
Turn   | Place    | Note
-------+----------+-------------------------------------------
     0 | D:1      | jtron the Hill Orc Monk began the quest for the Orb.
     0 | D:1      | Reached XP level 1. HP: 19/19 MP: 1/1
   495 | D:1      | Reached XP level 2. HP: 27/27 MP: 2/2
   903 | D:1      | Reached XP level 3. HP: 20/33 MP: 3/3
  1487 | D:2      | Found a faded altar of an unknown god.
  1600 | D:2      | HP: 1/34 [worm (10)]
  1952 | D:3      | HP: 1/34 [poisoned by an adder]
  1953 | D:3      | Succumbed to an adder's poison

Illustrated notes

Levels and vault maps discovered:
D:1:      dpeg_arrival_renting, layout_basic, fountainhead
D:2:      layout_rooms, nicolae_ecumenical_oubliette, st_stairs_9
D:3:      layout_basic, hangedman_ru_absence, goddamned_bats

Skill      XL: |  1 |
---------------+----+-----
Fighting       | 4 |  4.3
Axes           | |  4.4
Throwing       | |  0.4
Dodging        | |  2.5
Stealth        | |  1.8

Action                   || total
-------------------------++-------
Melee: Hand axe          ||   115
       Punch             ||     1
Throw: Stone             ||     4
  Use: Potion            ||     3
 Stab: Sleeping          ||     2
Armor: Robe              ||     7
       Leather armour    ||    22
Dodge: Dodged            ||    77
